Map: Tokamak LE

Players

Unstable

  • Race: Terran Terran
  • League: Master
  • Spawn Location: 1:00

ManlyManMeat - Winner!

  • Race: Zerg Zerg
  • League: Diamond
  • Spawn Location: 7:00

VOD

Have the link to the VOD?

Description

Time

  • Played on: July 4, 2025, 8:11 a.m.
  • Length: 19:05
Show
View Real Time Build Order
Export as new Build Order

Unstable Terran 

Build Orders: 2 Factory, Reaper Expand 

Get SALT Encoding   

  12  0:00  SCV  
  13  0:12  SCV  
  14  0:17  Supply Depot  
  14  0:24  SCV  
  15  0:39  SCV  
  15  0:41  Barracks  
  16  0:47  Refinery  
  16  0:52  SCV  
  17  1:04  SCV  
  18  1:16  SCV  
  19  1:30  Reaper  
  19  1:31  Orbital Command  
  20  1:45  Command Center  
  20  1:57  Supply Depot  
  20  1:59  SCV  
  21  2:01  Marine  
  22  2:13  Factory, SCV  
  23  2:34  SCV  
  24  2:37  Barracks Reactor  
  24  2:46  Command Center  
  24  2:47  SCV  
  25  2:59  SCV  
  25  3:05  Factory  
  26  3:11  Orbital Command  
  26  3:13  SCV  
  26  3:17  Refinery  
  27  3:23  Barracks Tech Lab  
  27  3:24  Hellion  
  27  3:25  SCV  
  29  3:28  Hellion  
  31  3:39  SCV x2  
  33  3:47  Hellion  
  35  3:49  Hellion  
  35  3:53  SCV x2  
  35  3:55  Barracks Reactor  
  39  3:57  Infernal Pre-Igniter  
  39  3:58  Hellion  
  41  4:10  Orbital Command  
  41  4:12  Hellion x2  
  41  4:14  SCV  
  41  4:15  SCV  
  47  4:21  Hellion  
  49  4:27  SCV x2  
  51  4:36  Hellion  
  51  4:37  Hellion  
  55  4:39  Starport, SCV  
  55  4:40  Barracks Tech Lab  
  55  4:45  Hellion  
  58  4:48  SCV  
  59  5:08  Engineering Bay, SCV  
  59  5:09  SCV  
  59  5:10  Engineering Bay  
  61  5:17  Supply Depot  
  61  5:18  Supply Depot  
  61  5:26  Supply Depot  
  61  5:39  Hellion, Siege Tank, SCV x3  
  61  5:40  Hellion, Barracks, Liberator x2  
  61  5:42  Barracks  
  77  5:44  Stimpack  
  77  5:47  Marine  
  78  5:51  SCV x2  
  78  5:54  Refinery x2  
  80  6:08  Hellion x2  
  84  6:17  Marine  
  85  6:32  Siege Tank  
  62  7:10  Hellion x2, Siege Tank  
  62  7:11  Medivac x2  
  62  7:13  Barracks Reactor x2  
  73  7:21  Terran Infantry Weapons Level 1  
  73  7:23  SCV x2  
  73  7:24  SCV  
  73  7:28  Armory  
  76  7:34  Hellion x2  
  76  7:35  SCV  
  76  7:36  SCV x2  
  83  7:48  SCV x2  
  85  8:09  Combat Shield  
  85  8:12  Terran Infantry Armor Level 1  
  85  8:23  Barracks x2  
  85  8:25  Supply Depot, Barracks, Terran Vehicle Weapons Level 1  
  85  8:26  Barracks  
  85  8:27  Supply Depot, Barracks  
  85  8:28  Supply Depot  
  85  8:30  Supply Depot  
  85  8:33  Supply Depot  
  85  8:47  Hellion, Marine x2, Medivac x2  
  93  8:49  Hellion, Marine x3, Siege Tank  
  101  9:04  Marine x2  
  101  9:06  Marine x3  
  106  9:11  Command Center  
  106  9:22  Marine x2  
  108  9:24  Marine x3  
  107  9:52  Marine x2  
  107  9:53  Marine x3  
  112  10:09  SCV x2  
  112  10:12  Marine x2  
  112  10:13  Marine x2, Barracks Reactor  
  112  10:14  Barracks Reactor x3  
  110  10:16  Barracks Reactor  
  110  10:18  Orbital Command  
  108  10:21  SCV  
  107  10:39  Terran Infantry Armor Level 2, Terran Infantry Weapons Level 2  
  107  10:43  Marine x5  
  107  10:45  Siege Tank  
  107  10:46  Hellion x2, Medivac x2  
  123  10:50  Marine x3  
  123  10:51  Marine x5  
  131  11:01  Marine x5  
  131  11:02  SCV x3  
  139  11:08  Marine  
  140  11:21  Supply Depot  
  140  11:23  Refinery  
  140  11:24  Supply Depot  
  140  11:25  Supply Depot x2  
  140  11:26  Supply Depot  
  140  11:27  Missile Turret  
  140  11:28  Supply Depot  
  140  11:29  Missile Turret  
  140  11:33  Missile Turret, Sensor Tower  
  140  11:39  Planetary Fortress  
  140  11:42  Refinery, Marine x3  
  140  11:43  Hellbat, SCV, Medivac  
  140  11:46  Hellion, Marine x12, Hellbat, SCV, Medivac  
  140  11:47  Missile Turret  
  167  11:48  Command Center  
  167  11:50  Missile Turret  
  167  11:52  Missile Turret, Sensor Tower  
  167  12:00  Marine x3  
  170  12:04  Marine x3, Siege Tank  
  138  12:39  Marine x6  
  138  12:40  Marine x8  
  138  12:41  Marine  
  138  12:42  Siege Tank  
  138  12:43  Hellion x2, Medivac x2  
  164  12:57  Marine x3  
  167  13:14  Siege Tank  
  167  13:19  Marine x5  
  154  13:20  Marine x8  
  154  13:21  Marine  
  145  13:34  Marine  
  145  13:37  Marine x7  
  145  13:40  Marine x5  
  145  13:41  Marine x2  
  125  13:52  Marine  
  125  13:55  Marine x4  
  130  14:01  Marine x8  
  130  14:02  Marine x2  
  121  14:17  Marine x3  
  121  14:18  Marine x3  
  121  14:19  Marine x4  
  121  14:20  Hellion  
  121  14:21  Hellbat x2, Medivac x2  
  141  14:24  Marine x2  
  141  14:25  Marine  
  144  14:41  Hellbat  
  144  14:42  Hellbat  
  147  14:47  Orbital Command  
  147  14:51  Medivac  
  103  15:05  Marine x8  
  103  15:06  Marine x7  
  113  15:07  Siege Tank  
  113  15:13  Refinery  
  116  15:22  Marine  
  117  15:42  Marine x7  
  121  15:43  Marine x8  
  121  15:45  Hellbat  
  121  15:48  SCV x2  
  121  15:49  SCV  
  137  16:00  Marine  
  137  16:15  Marine x2  
  137  16:16  Marine x9  
  137  16:17  Marine x4  
  138  16:33  Marine x4  
  138  16:34  Marine x4  
  138  16:38  Orbital Command  
  138  16:41  Marine x5  
  138  16:42  Marine x2  
  145  16:51  Marine x5  
  146  16:57  Marine x3  
  146  16:59  Marine x3  
  146  17:01  SCV x2  
  92  17:35  Marine x5  
  92  17:36  Marine x3  
  78  17:40  Marine x4  
  78  17:41  Marine x3  
  31  17:53  Marine x3  
Show
View Real Time Build Order
Export as new Build Order

ManlyManMeat Zerg - Winner!

Build Orders: Hatch First 

Get SALT Encoding   

  12  0:13  Drone x2  
  14  0:18  Extractor  
  14  0:19  Drone  
  15  0:28  Overlord  
  15  0:52  Hatchery  
  15  0:54  Drone  
  15  1:02  Drone  
  16  1:09  Drone  
  17  1:17  Extractor, Spawning Pool  
  16  1:18  Drone  
  16  1:33  Drone  
  16  1:39  Drone  
  18  1:54  Drone  
  19  2:07  Queen  
  21  2:09  Queen  
  21  2:10  Zergling x2  
  21  2:12  Zergling x2, Overlord  
  25  2:18  Metabolic Boost  
  25  2:23  Drone x2  
  27  2:39  Drone x3  
  30  2:58  Drone x3, Hatchery  
  28  2:59  Drone  
  32  3:06  Queen  
  34  3:16  Drone, Overlord x2  
  35  3:26  Overlord x2  
  35  3:33  Overlord  
  35  3:34  Overlord  
  35  3:37  Drone x3  
  38  3:46  Drone x2  
  40  3:57  Drone x2  
  42  4:17  Drone x3  
  42  4:18  Roach Warren  
  42  4:20  Drone x2  
  42  4:21  Extractor  
  45  4:24  Drone  
  45  4:25  Drone x2  
  45  4:28  Zergling x2  
  49  4:40  Drone x5  
  54  4:48  Drone x2  
  56  4:54  Extractor  
  56  4:56  Extractor  
  56  4:57  Drone x3  
  57  5:06  Drone x3  
  60  5:08  Drone x3  
  60  5:10  Roach x5  
  73  5:16  Hatchery  
  73  5:19  Queen x2  
  76  5:28  Hatchery  
  76  5:35  Roach x5  
  85  5:36  Roach x2  
  85  5:39  Lair  
  89  5:45  Evolution Chamber  
  88  5:51  Zergling x4, Baneling Nest  
  88  5:52  Overlord x3  
  89  6:13  Roach x6  
  100  6:32  Roach x4  
  105  6:33  Roach x2  
  105  6:34  Drone x5  
  107  6:59  Spore Crawler  
  107  7:01  Spore Crawler  
  101  7:11  Overlord, Roach x8  
  101  7:12  Overlord x2  
  117  7:30  Overseer  
  117  7:36  Roach x5  
  117  7:37  Roach x3  
  133  7:40  Glial Reconstitution  
  133  7:58  Zerg Missile Weapons Level 1  
  133  7:59  Infestation Pit  
  133  8:00  Zergling x16  
  140  8:28  Evolution Chamber  
  140  8:29  Evolution Chamber  
  140  8:30  Drone x4  
  140  8:31  Overlord x3  
  142  8:40  Hive  
  142  8:55  Drone x5, Spore Crawler  
  145  8:56  Drone x2, Spore Crawler  
  145  8:58  Zerg Melee Weapons Level 1, Zerg Ground Armor Level 1  
  147  9:13  Drone  
  147  9:14  Drone x7  
  155  9:34  Spore Crawler  
  155  9:35  Spore Crawler  
  138  10:01  Ultralisk Cavern  
  138  10:06  Drone x5  
  138  10:07  Drone x2  
  139  10:09  Drone x2  
  141  10:14  Overlord  
  141  10:15  Overlord x4  
  141  10:25  Zerg Missile Weapons Level 2  
  141  10:29  Tunneling Claws, Pneumatized Carapace  
  141  10:32  Ravager x6  
  143  10:43  Infestor  
  143  10:44  Infestor  
  143  10:45  Ultralisk Cavern  
  143  10:49  Drone x2  
  148  10:50  Drone x2  
  148  10:51  Drone x3  
  153  11:07  Zerg Ground Armor Level 2  
  153  11:10  Drone x2  
  155  11:14  Extractor  
  155  11:15  Extractor  
  153  11:27  Zerg Melee Weapons Level 2  
  153  11:29  Drone  
  153  11:30  Drone x2  
  153  11:31  Drone x3  
  159  11:33  Drone  
  159  11:34  Drone x2, Extractor  
  159  11:35  Drone x3, Extractor  
  159  11:38  Drone x3  
  159  11:39  Drone x2  
  168  11:57  Chitinous Plating  
  168  11:59  Anabolic Synthesis  
  168  12:01  Ultralisk  
  145  12:37  Ultralisk x3  
  119  12:38  Zergling x48  
  119  12:43  Adrenal Glands  
  141  12:49  Infestor  
  102  13:20  Queen  
  102  13:21  Ultralisk x3  
  106  13:35  Zergling x8, Ultralisk x2  
  110  13:44  Ultralisk  
  105  13:56  Zergling x6, Ultralisk  
  110  14:08  Zergling x2, Ultralisk  
  110  14:09  Zergling x2  
  106  14:21  Drone x3  
  106  14:22  Drone x6  
  115  14:29  Spire  
  114  14:32  Drone x3  
  106  15:06  Zergling x6, Ultralisk x4  
  133  15:25  Ultralisk  
  133  15:26  Zergling x12  
  133  15:27  Zergling x2  
  146  15:29  Infestor  
  146  15:34  Overseer  
  146  15:35  Hatchery  
  147  16:02  Corruptor x5  
  154  16:23  Ultralisk  
  150  16:34  Ultralisk  
  150  16:35  Zergling x8, Overlord  
  150  16:36  Overlord  
  130  17:46  Ultralisk x4  
  130  17:47  Zergling x38  
  172  17:52  Zergling x4  
  174  18:07  Overlord x2  
  174  18:39  Zergling x4  
Tags
 
Add a new tag
Caveats
  • Supply blocks, unpowered buildings, or Contaminate may cause inaccurate times.
  • Supply counts are checked every 10 seconds.